 Dungeon Crawl Stone Soup version 0.22.0-49-gab54619674 (webtiles) character file.

424 Riddle the Ducker (level 6, -1/53 HPs)
             Began as a Gnoll Monk on Sept 9, 2018.
             Was a Follower of Okawaru.
             Splashed by a jelly's acid (9 damage)
             ... on level 4 of the Dungeon.
             The game lasted 00:08:16 (4282 turns).

Riddle the Ducker (Gnoll Monk)                      Turns: 4282, Time: 00:08:17

Health: -1/53      AC:  3    Str: 15    XL:     6   Next: 96%
Magic:  9/9        EV: 14    Int: 15    God:    Okawaru [*.....]
Gold:   269        SH:  8    Dex: 18    Spells: 9/9 levels left

rFire    . . .     SeeInvis .   a - +0 hand axe
rCold    . . .     Gourm    .   s - +0 shield
rNeg     . . .     Faith    .   b - +0 robe
rPois    .         Spirit   .   (no helmet)
rElec    .         Reflect  .   (no cloak)
rCorr    .         Harm     .   y - +0 pair of gloves
MR       .....                  (no boots)
Stlth    +++.......             (no amulet)
HPRegen  0.17/turn              B - +3 ring of intelligence
MPRegen  0.11/turn              (no ring)

@: no status effects
A: distributed training, fangs 1, strong nose
a: Heroism, Renounce Religion


You were on level 4 of the Dungeon.
You worshipped Okawaru.
Okawaru was aware of your devotion.
You were not hungry.

You visited 1 branch of the dungeon, and saw 5 of its levels.

You collected 269 gold pieces.

Inventory:

Hand Weapons
 a - a +0 hand axe (weapon)
 u - a cursed -3 blowgun
Missiles
 v - 20 poisoned needles
Armour
 b - a +0 robe (worn)
 s - a +0 shield (worn)
 y - a +0 pair of gloves (worn)
Jewellery
 B - a +3 ring of intelligence (left hand)
Wands
 p - a wand of clouds (5)
 r - a wand of random effects (23)
Scrolls
 d - 5 scrolls of identify
 e - 2 scrolls of amnesia {unknown}
 f - 2 scrolls of teleportation {unknown}
 i - a scroll of fear {unknown}
 j - 4 scrolls of remove curse {unknown}
 k - 3 scrolls of blinking {unknown}
 n - a scroll of noise {unknown}
 o - a scroll of random uselessness {unknown}
 t - a scroll of fog {unknown}
Potions
 g - a potion of invisibility {unknown}
 h - 2 potions of flight {unknown}
 l - 2 potions of mutation {unknown}
 m - 2 potions of curing {unknown}
 q - a potion of heal wounds {unknown}
 w - a potion of cancellation {unknown}
 x - a potion of haste {unknown}
 A - a potion of brilliance {unknown}
Comestibles
 c - 5 rations
 z - 3 chunks of flesh


   Skills:
 + Level 6.9 Fighting
 + Level 2.1 Short Blades
 + Level 2.1 Long Blades
 + Level 6.9 Axes
 + Level 2.1 Maces & Flails
 + Level 2.1 Polearms
 + Level 2.1 Staves
 + Level 2.1 Slings
 + Level 2.1 Bows
 + Level 2.1 Crossbows
 + Level 2.1 Throwing
 + Level 2.1 Armour
 + Level 6.9 Dodging
 + Level 4.7 Stealth
 + Level 2.1 Shields
 + Level 2.1 Unarmed Combat
 + Level 2.1 Spellcasting
 + Level 1.7 Conjurations
 + Level 1.7 Hexes
 + Level 1.7 Charms
 + Level 1.7 Summonings
 + Level 1.7 Necromancy
 + Level 1.7 Translocations
 + Level 1.7 Transmutations
 + Level 1.7 Fire Magic
 + Level 1.7 Ice Magic
 + Level 1.7 Air Magic
 + Level 1.7 Earth Magic
 + Level 1.7 Poison Magic
 + Level 2.3 Invocations
 + Level 2.1 Evocations


You had 9 spell levels left.
You didn't know any spells.
Your spell library was empty.

Dungeon Overview and Level Annotations

Branches:
Dungeon (5/15)             Temple (0/1) D:4

Altars:
Ashenzari
Elyvilon
Makhleb
Nemelex Xobeh
Okawaru
Trog
Uskayaw

Annotations:
D:5 Grinder


Innate Abilities, Weirdness & Mutations

Your experience applies equally to all skills.
You have very sharp teeth.
Your uncanny sense of smell can sniff out nearby items.


Message History

There is a stone staircase leading up here.
The jelly closely misses you.
You climb upwards.
There is a stone staircase leading down here.
You hit the jelly.
Your hands burn!
* * * LOW HITPOINT WARNING * * *
The jelly is moderately wounded.
The jelly hits you.
* * * LOW HITPOINT WARNING * * *
The acid corrodes you!
You are splashed with acid!
The acid burns!
* * * LOW HITPOINT WARNING * * *
There is an open door here.
There is a stone staircase leading up here.
There is an open door here.
You are no longer corroded.
You block the jelly's attack. The jelly hits you.
* * * LOW HITPOINT WARNING * * *
You are splashed with acid!
The acid burns!
You die...

...................# #..........
.........).........####..........
..##'###############..#######'##.
..#..#...........#.........#...#.
..#..#...........#.........'...+.
..#..#......##..###...##...#...#.
..##'##.....##..########...#...##
......########.J.#.........#....+
.............#..@#....##..###..##
.............#...'....###+###..##
'#...........#...#.........#....#
.#...........#...#.........+....#
.#####.......#'#####..##..##...##
.'...#######.......#####.<##...##
.##...# ####.......# #....'.....
.##...###..........# #....#.....
......##..>........# #....#.....


You could see a jelly.

Vanquished Creatures
  A phantom (D:4)
  A bullfrog (D:2)
  An orc priest (D:4)
  Natasha (thrice) (D:2)
  An iguana (D:2)
  A hound skeleton (D:4)
  4 adders
  An adder skeleton (D:4)
  3 worms
  3 dart slugs
  A leopard gecko (D:4)
  2 orcs (D:4)
  6 bats
  2 giant cockroaches
  9 goblins
  5 hobgoblins
  16 jackals
  3 quokkas
  A ball python (D:1)
  4 frilled lizards
  A jackal skeleton (D:4)
  10 kobolds
  6 rats
  A butterfly (D:4)
86 creatures vanquished.

Notes
Turn   | Place    | Note
-------+----------+-------------------------------------------
     0 | D:1      | Riddle the Gnoll Monk began the quest for the Orb.
     0 | D:1      | Reached XP level 1. HP: 23/23 MP: 1/1
   110 | D:1      | Reached XP level 2. HP: 29/29 MP: 2/2
   790 | D:2      | Found a shattered altar of Ashenzari.
   805 | D:2      | Reached XP level 3. HP: 19/35 MP: 3/3
  1066 | D:2      | Noticed Natasha
  1072 | D:2      | Killed Natasha
  1072 | D:2      | Reached skill level 1 in Short Blades
  1072 | D:2      | Reached skill level 1 in Long Blades
  1072 | D:2      | Reached skill level 1 in Maces & Flails
  1072 | D:2      | Reached skill level 1 in Polearms
  1072 | D:2      | Reached skill level 1 in Staves
  1072 | D:2      | Reached skill level 1 in Slings
  1072 | D:2      | Reached skill level 1 in Bows
  1072 | D:2      | Reached skill level 1 in Crossbows
  1072 | D:2      | Reached skill level 1 in Throwing
  1072 | D:2      | Reached skill level 1 in Armour
  1072 | D:2      | Reached skill level 1 in Shields
  1072 | D:2      | Reached skill level 1 in Unarmed Combat
  1072 | D:2      | Reached skill level 1 in Spellcasting
  1072 | D:2      | Reached skill level 1 in Invocations
  1072 | D:2      | Reached skill level 1 in Evocations
  1172 | D:2      | Reached XP level 4. HP: 38/41 MP: 5/5
  1323 | D:2      | Reached skill level 1 in Conjurations
  1323 | D:2      | Reached skill level 1 in Hexes
  1323 | D:2      | Reached skill level 1 in Charms
  1323 | D:2      | Reached skill level 1 in Summonings
  1323 | D:2      | Reached skill level 1 in Necromancy
  1323 | D:2      | Reached skill level 1 in Translocations
  1323 | D:2      | Reached skill level 1 in Transmutations
  1323 | D:2      | Reached skill level 1 in Fire Magic
  1323 | D:2      | Reached skill level 1 in Ice Magic
  1323 | D:2      | Reached skill level 1 in Air Magic
  1323 | D:2      | Reached skill level 1 in Earth Magic
  1323 | D:2      | Reached skill level 1 in Poison Magic
  1335 | D:2      | Noticed Natasha
  1388 | D:2      | Killed Natasha
  1388 | D:2      | Reached XP level 5. HP: 15/47 MP: 6/6
  1903 | D:2      | Noticed Natasha
  1916 | D:2      | Killed Natasha
  2311 | D:2      | Found a sparkling altar of Nemelex Xobeh.
  2481 | D:3      | Reached XP level 6. HP: 53/53 MP: 8/8
  2556 | D:3      | Found a faded altar of an unknown god.
  3266 | D:4      | Found an iron altar of Okawaru.
  3281 | D:4      | Became a worshipper of Warmaster Okawaru
  3281 | D:4      | Reached * piety under Okawaru
  3281 | D:4      | Reached ** piety under Okawaru
  3356 | D:4      | Found a burning altar of Makhleb.
  3359 | D:4      | Found a white marble altar of Elyvilon.
  3362 | D:4      | Found a bloodstained altar of Trog.
  3365 | D:4      | Found a hide-covered altar of Uskayaw.
  3682 | D:4      | Found a staircase to the Ecumenical Temple.
  3909 | D:4      | Noticed a phantom
  3934 | D:4      | Killed a phantom
  4117 | D:5      | Entered Level 5 of the Dungeon
  4208 | D:5      | Noticed Grinder
  4226 | D:5      | Paralysed by Grinder for 2 turns
  4282 | D:4      | Splashed by a jelly's acid

Skill      XL: |  1  2  3  4  5  6 |
---------------+-------------------+-----
Short Blades   | 1 2 |  2.1
Long Blades    | 1 2 |  2.1
Maces & Flails | 1 2 |  2.1
Polearms       | 1 2 |  2.1
Staves         | 1 2 |  2.1
Slings         | 1 2 |  2.1
Bows           | 1 2 |  2.1
Crossbows      | 1 2 |  2.1
Throwing       | 1 2 |  2.1
Armour         | 1 2 |  2.1
Shields        | 1 2 |  2.1
Unarmed Combat | 1 2 |  2.1
Spellcasting   | 1 2 |  2.1
Invocations    | 1 2 |  2.3
Evocations     | 1 2 |  2.1
Conjurations   | 1 |  1.7
Hexes          | 1 |  1.7
Charms         | 1 |  1.7
Summonings     | 1 |  1.7
Necromancy     | 1 |  1.7
Translocations | 1 |  1.7
Transmutations | 1 |  1.7
Fire Magic     | 1 |  1.7
Ice Magic      | 1 |  1.7
Air Magic      | 1 |  1.7
Earth Magic    | 1 |  1.7
Poison Magic   | 1 |  1.7
Fighting       | |  6.9
Axes           | |  6.9
Dodging        | |  6.9
Stealth        | |  4.7

Action                   |  1- 3 |  4- 6 || total
-------------------------+-------+-------++-------
Melee: Hand axe          |    71 |   227 ||   298
       Bite              |     7 |    31 ||    38
       Punch             |       |     1 ||     1
Evoke: Wand              |       |     5 ||     5
  Use: Scroll            |       |     1 ||     1
 Stab: Sleeping          |     5 |    21 ||    26
  Eat: Chunk             |     1 |    10 ||    11
Armor: Robe              |     7 |    31 ||    38
Dodge: Dodged            |    57 |   134 ||   191
Block: Shield            |       |    54 ||    54
